Map: Ruins of Seras

Players

PoonScooty

  • Race: Terran Terran
  • League: Bronze

Miltreta - Winner!

  • Race: Terran Terran
  • League: Bronze

VOD

Have the link to the VOD?

Description

Time

  • Played on: March 16, 2016, 10:59 a.m.
  • Length: 10:44
Show
View Real Time Build Order
Export as new Build Order

PoonScooty Terran 

Build Orders:  

Get SALT Encoding   

  12  0:01  SCV  
  13  0:13  SCV  
  14  0:27  Supply Depot, SCV  
  15  0:34  Refinery  
  15  0:46  Supply Depot  
  15  0:55  SCV  
  16  1:02  Barracks  
  16  1:07  SCV  
  16  1:11  Supply Depot  
  17  1:19  SCV  
  18  1:31  SCV  
  19  1:36  Engineering Bay  
  19  1:52  SCV  
  20  1:54  Barracks Tech Lab  
  20  2:07  Refinery  
  20  2:08  Orbital Command  
  20  2:14  Marine  
  21  2:22  Combat Shields  
  21  2:32  Marine  
  21  2:34  SCV  
  23  2:46  SCV  
  23  3:02  Supply Depot  
  23  3:03  Supply Depot  
  23  3:06  Marine  
  23  3:10  Terran Infantry Armor Level 1  
  23  3:11  SCV  
  25  3:19  Factory  
  25  3:23  SCV  
  25  3:24  Marine  
  27  3:29  Supply Depot  
  27  3:35  SCV  
  28  3:47  Bunker, SCV  
  29  3:52  Marauder  
  31  3:59  SCV  
  32  4:11  SCV  
  32  4:12  Marine  
  34  4:18  Missile Turret  
  34  4:30  Marine  
  35  4:42  Factory, Factory Tech Lab  
  35  4:48  Factory  
  35  4:58  Marine  
  36  5:16  Armory, Marine  
  37  5:24  Barracks  
  37  5:28  Factory Tech Lab  
  37  5:35  Marauder  
  37  5:37  SCV  
  38  5:45  Missile Turret  
  38  5:50  Factory Reactor  
  38  5:55  Marine  
  39  6:04  Missile Turret  
  39  6:06  Cyclone  
  39  6:10  Cyclone  
  45  6:13  Marine  
  45  6:16  Barracks Reactor  
  46  6:31  Starport  
  46  6:48  Mag-Field Accelerator  
  46  6:51  Terran Vehicle And Ship Armor Level 1  
  46  7:10  Marine x2  
  48  7:15  Command Center  
  48  7:20  Starport Reactor  
  48  7:28  Marine x2  
  50  7:36  Sensor Tower  
  50  7:47  Hellbat x2  
  50  7:48  Hellbat  
  50  7:49  Hellbat  
  50  7:51  Liberator  
  58  8:03  Missile Turret  
  61  8:27  Planetary Fortress  
  61  8:31  Refinery  
  55  8:56  Liberator  
  55  9:00  Marine  
  55  9:01  Marine  
  52  9:03  Marauder  
  55  9:18  Marine x2  
  55  9:20  Starport  
  59  9:24  Marauder  
  59  9:25  Widow Mine  
  59  9:26  Widow Mine  
  63  9:40  Missile Turret  
  63  9:49  Hellbat x2  
  63  9:52  SCV  
  63  10:17  Bunker  
Show
View Real Time Build Order
Export as new Build Order

Miltreta Terran - Winner!

Build Orders:  

Get SALT Encoding   

  12  0:02  SCV  
  13  0:20  Supply Depot, SCV  
  14  0:29  Refinery  
  14  0:33  SCV  
  15  0:45  Barracks  
  15  0:50  SCV  
  16  1:03  SCV  
  17  1:12  Supply Depot  
  17  1:21  SCV  
  18  1:33  SCV  
  18  1:38  Reaper  
  20  2:00  Refinery  
  20  2:05  Orbital Command  
  20  2:23  Barracks Tech Lab  
  20  2:31  Factory  
  20  2:36  SCV  
  21  2:50  SCV  
  22  3:10  Engineering Bay  
  22  3:15  Barracks  
  22  3:34  SCV  
  22  3:35  Barracks Tech Lab  
  23  3:50  SCV  
  23  3:51  Starport  
  24  3:56  Siege Tank  
  24  3:58  Stimpack  
  27  4:07  Missile Turret  
  27  4:08  Barracks Reactor  
  27  4:09  Missile Turret  
  27  4:18  Supply Depot  
  27  4:25  SCV  
  28  4:31  Command Center  
  28  4:32  Medivac  
  30  4:42  Siege Tank  
  33  4:47  Marine x2  
  35  5:19  Marine x2  
  37  5:32  Supply Depot  
  37  5:35  Supply Depot  
  37  5:37  Supply Depot  
  37  5:43  Siege Tank  
  40  5:59  Marine  
  40  6:00  Marine  
  40  6:01  Marauder  
  44  6:06  Starport Tech Lab  
  44  6:08  Starport  
  44  6:15  Cyclone  
  47  6:27  Orbital Command  
  47  6:29  SCV  
  48  6:38  Marauder, Marine x2  
  52  6:53  Factory  
  52  6:55  SCV  
  52  6:57  Refinery  
  52  7:00  Medivac  
  55  7:01  Medivac  
  55  7:07  SCV  
  58  7:47  Marine  
  58  7:48  Marauder, Marine  
  58  7:49  Siege Tank  
  58  7:50  Starport Reactor  
  65  7:53  Banshee  
  65  7:54  Cloaking Field  
  69  8:07  SCV  
  69  8:10  SCV  
  69  8:12  Marine x2  
  72  8:24  Barracks  
  72  8:25  Refinery, Barracks  
  72  8:30  Barracks  
  72  9:01  Marine x2  
  72  9:02  Marine  
  75  9:03  Siege Tank  
  78  9:15  Barracks Tech Lab  
  78  9:16  Barracks Reactor  
  78  9:17  Barracks Reactor  
  78  9:28  Supply Depot  
  78  9:29  Supply Depot x2  
  78  9:50  Marauder, Medivac x2, SCV x2  
  86  10:26  Marine x3  
Tags
 
Add a new tag
Caveats
  • Supply blocks, unpowered buildings, or Contaminate may cause inaccurate times.
  • Supply counts are checked every 10 seconds.